BLB
WINDY CITY BLUES @ BATAVIA MUCKDOGS
09/27/2059
 
TOP OF THE 1ST
Windy City Blues batting - Pitching for Batavia Muckdogs : RHP Devin Behring
Pitching: RHP Devin Behring
Batting: RHB Ty Dec 0-0: Called Strike
0-1: Foul Ball, location: 2F
0-2: Ball
1-2: Ball
2-2: Ground out 4-3 (Groundball, 4, EV 105.6 MPH)
Batting: RHB Dulani Cherry 0-0: Ball
1-0: Called Strike
1-1: Called Strike
1-2: SINGLE (Line Drive, 34D, EV 97.5 MPH)
Batting: RHB Ezekiel Wolfson 0-0: Ball
1-0: Ball
2-0: Called Strike
2-1: Called Strike
2-2: Foul Ball, location: 2F
2-2: Foul Ball, location: 2F
2-2: Ball
3-2: Base on Balls
Dulani Cherry to second
Batting: LHB Idris Wnuk 0-0: Ball
1-0: Ball
2-0: Swinging Strike
2-1: Foul Ball, location: 2F
2-2: Strikes out swinging
Batting: SHB Steven Hall 0-0: Swinging Strike
0-1: Called Strike
0-2: Ball
1-2: Fielders Choice at 2nd, 5-4 (Groundball, 5L, EV 87.5 MPH)
Top of the 1st over - 0 runs, 1 hit, 0 errors, 2 left on base; Windy City 0 - Batavia 0
BOTTOM OF THE 1ST
Batavia Muckdogs batting - Pitching for Windy City Blues : RHP Cade Hogan
Pitching: RHP Cade Hogan
Batting: RHB Colby Cooper 0-0: Ball
1-0: Ball
2-0: Called Strike
2-1: Foul Ball, location: 2F
2-2: Ball
3-2: Foul Ball, location: 2F
3-2: Ground out 6-3 (Groundball, 6, EV 85.0 MPH)
Batting: RHB R.J. McCarthy 0-0: Called Strike
0-1: Fly out, F7 (Line Drive, 7, EV 94.4 MPH)
Batting: LHB Donald Dworkin 0-0: Ground out 6-3 (Groundball, 6, EV 85.0 MPH)
Bottom of the 1st over - 0 runs, 0 hits, 0 errors, 0 left on base; Windy City 0 - Batavia 0
TOP OF THE 2ND
Windy City Blues batting - Pitching for Batavia Muckdogs : RHP Devin Behring
Batting: RHB Conner Hawkins 0-0: Ground out 6-3 (Groundball, 6S, EV 64.4 MPH)
Batting: RHB Adrien Jimenez 0-0: Called Strike
0-1: Ball
1-1: Foul Ball, location: 2F
1-2: Ball
2-2: Fly out, F7 (Line Drive, 7, EV 95.6 MPH)
Batting: RHB K.J. Avery 0-0: Ball
1-0: Foul Ball, location: 2F
1-1: Ground out 5-3 (Groundball, 56, EV 78.8 MPH)
Top of the 2nd over - 0 runs, 0 hits, 0 errors, 0 left on base; Windy City 0 - Batavia 0
BOTTOM OF THE 2ND
Batavia Muckdogs batting - Pitching for Windy City Blues : RHP Cade Hogan
Batting: LHB Edward Schachter 0-0: Foul Ball, location: 2F
0-1: Ball
1-1: DOUBLE (Flyball, 8RXD, EV 105.0 MPH)
Batting: SHB Quinton Brown 0-0: Ball
1-0: Ball
2-0: Called Strike
2-1: Foul Ball, location: 2F
2-2: Foul Ball, location: 2F
2-2: Foul Ball, location: 2F
2-2: Fly out, F7 (Flyball, 7D, EV 90.0 MPH)
Batting: LHB Carl Brinkley 0-0: Foul Ball, location: 2F
0-1: SINGLE (Line Drive, 78S, EV 98.1 MPH)
Edward Schachter to third
Batting: LHB Willis Neil 0-0: Ball
1-0: Foul Ball, location: 2F
1-1: 3-RUN HOME RUN (Flyball, 7D, EV 97.5 MPH), Distance : 375 ft
Batting: LHB Archibald Vasquez 0-0: Ball
1-0: Foul Ball, location: 2F
1-1: Swinging Strike
1-2: Ball
2-2: Strikes out swinging
Batting: RHB Logan Gleason 0-0: Ball
1-0: Ball
2-0: Foul Ball, location: 2F
2-1: Swinging Strike
2-2: Strikes out swinging
Bottom of the 2nd over - 3 runs, 3 hits, 0 errors, 0 left on base; Windy City 0 - Batavia 3
TOP OF THE 3RD
Windy City Blues batting - Pitching for Batavia Muckdogs : RHP Devin Behring
Batting: RHB Brad Castro 0-0: Called Strike
0-1: Ball
1-1: Swinging Strike
1-2: Fly out, F7 (Flyball, 78S, EV 83.8 MPH)
Batting: RHB Ty Dec 0-0: Ball
1-0: Ball
2-0: Called Strike
2-1: Ball
3-1: Foul Ball, location: 2F
3-2: Fly out, F6 (Popup, 6, EV 55.6 MPH)
Batting: RHB Dulani Cherry 0-0: Ball
1-0: Foul Ball, location: 2F
1-1: Foul Ball, location: 2F
1-2: Strikes out swinging
Top of the 3rd over - 0 runs, 0 hits, 0 errors, 0 left on base; Windy City 0 - Batavia 3
BOTTOM OF THE 3RD
Batavia Muckdogs batting - Pitching for Windy City Blues : RHP Cade Hogan
Batting: RHB Colby Cooper 0-0: SINGLE (Line Drive, 8RS, EV 93.1 MPH)
Batting: RHB R.J. McCarthy 0-0: Ball
1-0: Ball
Colby Cooper steals 2nd base
2-0: Ball
3-0: Called Strike
3-1: Called Strike
3-2: Foul Ball, location: 2F
3-2: Base on Balls
Batting: LHB Donald Dworkin 0-0: Ball
1-0: Called Strike
1-1: Ball
2-1: Called Strike
2-2: Ball
3-2: Base on Balls
Colby Cooper to third
R.J. McCarthy to second
Batting: LHB Edward Schachter 0-0: Foul Ball, location: 2F
0-1: Fly out, F8 (Flyball, 8LD, EV 91.2 MPH)
Runner from 3rd tags up, SCORES, throw by CF
R.J. McCarthy to third
Batting: SHB Quinton Brown 0-0: Foul Ball, location: 2F
0-1: SINGLE (Groundball, 4D, EV 105.6 MPH)
R.J. McCarthy scores
Donald Dworkin to second
Runner from 2nd tries for 3rd, SAFE, throw by CF made to third
Batting: LHB Carl Brinkley 0-0: Swinging Strike
0-1: Ball
1-1: SINGLE (Line Drive, 9S, EV 93.8 MPH)
Donald Dworkin scores
Quinton Brown to second
Runner from 2nd tries for 3rd, OUT! 9-5
Pitching: RHP Grant Randolph
Batting: LHB Willis Neil 0-0: Ball
1-0: Foul Ball, location: 2F
1-1: Called Strike
1-2: DOUBLE (Flyball, 8RXD, EV 97.5 MPH)
Carl Brinkley to third
Batting: LHB Archibald Vasquez 0-0: Called Strike
0-1: Foul Ball, location: 2F
0-2: Fly out, F7 (Flyball, 7, EV 91.9 MPH)
Bottom of the 3rd over - 3 runs, 4 hits, 0 errors, 2 left on base; Windy City 0 - Batavia 6
TOP OF THE 4TH
Windy City Blues batting - Pitching for Batavia Muckdogs : RHP Devin Behring
Batting: RHB Ezekiel Wolfson 0-0: Ball
1-0: Ball
2-0: Foul Ball, location: 2F
2-1: Foul Ball, location: 2F
2-2: Strikes out swinging
Batting: LHB Idris Wnuk 0-0: Ball
1-0: SINGLE (Groundball, P, EV 89.4 MPH) (infield hit)
Batting: SHB Steven Hall 0-0: Foul Ball, location: 2F
0-1: Ball
1-1: SINGLE (Groundball, 56D, EV 96.9 MPH)
Idris Wnuk to second
Batting: RHB Conner Hawkins 0-0: Fielders Choice at 2nd, 1-6 (Groundball, 13, EV 76.2 MPH)
Idris Wnuk to third
Batting: RHB Adrien Jimenez 0-0: Called Strike
0-1: Ball
1-1: Ball
2-1: Foul Ball, location: 2F
2-2: Ball
3-2: Strikes out looking
Top of the 4th over - 0 runs, 2 hits, 0 errors, 2 left on base; Windy City 0 - Batavia 6
BOTTOM OF THE 4TH
Batavia Muckdogs batting - Pitching for Windy City Blues : RHP Grant Randolph
Batting: RHB Logan Gleason 0-0: Called Strike
0-1: Ball
1-1: DOUBLE (Line Drive, 9LM, EV 111.2 MPH)
Batting: RHB Colby Cooper 0-0: Ball
1-0: Ground out 4-3 (Groundball, 4S, EV 81.2 MPH)
Logan Gleason to third
Batting: RHB R.J. McCarthy 0-0: SINGLE (Flyball, 34D, EV 90.6 MPH)
Logan Gleason scores
Batting: LHB Donald Dworkin 0-0: Fielders Choice at 2nd, 4-6 (Groundball, 4M, EV 96.9 MPH)
Batting: LHB Edward Schachter 0-0: Called Strike
0-1: Called Strike
0-2: Strikes out swinging
Bottom of the 4th over - 1 run, 2 hits, 0 errors, 1 left on base; Windy City 0 - Batavia 7
TOP OF THE 5TH
Windy City Blues batting - Pitching for Batavia Muckdogs : RHP Devin Behring
Batting: RHB K.J. Avery 0-0: Swinging Strike
0-1: Foul Ball, location: 2F
0-2: Ball
1-2: Ball
2-2: Strikes out swinging
Batting: RHB Brad Castro 0-0: Swinging Strike
0-1: Swinging Strike
0-2: Strikes out swinging
Batting: RHB Ty Dec 0-0: SINGLE (Groundball, 56D, EV 97.5 MPH)
Pitching: RHP Gerald Roderick
Batting: RHB Dulani Cherry 0-0: Ball
1-0: Called Strike
1-1: Called Strike
1-2: Foul Ball, location: 2F
1-2: Ground out 4-3 (Groundball, 4, EV 103.8 MPH)
Top of the 5th over - 0 runs, 1 hit, 0 errors, 1 left on base; Windy City 0 - Batavia 7
BOTTOM OF THE 5TH
Batavia Muckdogs batting - Pitching for Windy City Blues : RHP Grant Randolph
Pinch Hitting: LHB Stefan Ciolino 0-0: Called Strike
0-1: Ball
1-1: Ball
2-1: Fly out, F9 (Flyball, 9, EV 75.0 MPH)
Batting: LHB Carl Brinkley 0-0: DOUBLE (Line Drive, 7LD, EV 112.5 MPH)
Batting: LHB Willis Neil 0-0: Ball
1-0: Foul Ball, location: 2F
1-1: Called Strike
1-2: Foul Ball, location: 2F
1-2: DOUBLE (Line Drive, 7LD, EV 106.9 MPH)
Carl Brinkley scores
Batting: LHB Archibald Vasquez 0-0: Ground out 4-3 (Groundball, 4, EV 86.2 MPH)
Willis Neil to third
Batting: RHB Logan Gleason 0-0: Ball
1-0: Ball
2-0: Called Strike
2-1: Foul Ball, location: 2F
2-2: Fly out, F8 (Flyball, 8LD, EV 91.9 MPH)
Bottom of the 5th over - 1 run, 2 hits, 0 errors, 1 left on base; Windy City 0 - Batavia 8
TOP OF THE 6TH
Windy City Blues batting - Pitching for Batavia Muckdogs : RHP Gerald Roderick
Now at 2B: Colby Cooper
Now at SS: Tyson Velez
Batting: RHB Ezekiel Wolfson 0-0: Ball
1-0: Fly out, F9 (Flyball, 9, EV 96.9 MPH)
Batting: LHB Idris Wnuk 0-0: Ball
1-0: Swinging Strike
1-1: Ball
2-1: Fly out, F7 (Flyball, 7D, EV 90.6 MPH)
Batting: SHB Steven Hall 0-0: SINGLE (Groundball, 6D, EV 94.4 MPH)
Batting: RHB Conner Hawkins 0-0: Ball
1-0: Called Strike
1-1: Foul Ball, location: 2F
1-2: Ball
2-2: Strikes out swinging
Top of the 6th over - 0 runs, 1 hit, 0 errors, 1 left on base; Windy City 0 - Batavia 8
BOTTOM OF THE 6TH
Batavia Muckdogs batting - Pitching for Windy City Blues : RHP Grant Randolph
Batting: RHB Colby Cooper 0-0: Foul Ball, location: 2F
0-1: Ball
1-1: Called Strike
1-2: Ball
2-2: Fly out, F9 (Flyball, 9, EV 91.9 MPH)
Batting: RHB R.J. McCarthy 0-0: Ground out 6-3 (Groundball, 56, EV 100.6 MPH)
Batting: LHB Donald Dworkin 0-0: Fly out, F9 (Flyball, 9, EV 91.9 MPH)
Bottom of the 6th over - 0 runs, 0 hits, 0 errors, 0 left on base; Windy City 0 - Batavia 8
TOP OF THE 7TH
Windy City Blues batting - Pitching for Batavia Muckdogs : RHP Gerald Roderick
Batting: RHB Adrien Jimenez 0-0: Called Strike
0-1: Called Strike
0-2: Foul Ball, location: 2F
0-2: Strikes out swinging
Batting: RHB K.J. Avery 0-0: Ball
1-0: Ball
2-0: Fly out, F9 (Line Drive, 89M, EV 85.6 MPH)
Batting: RHB Brad Castro 0-0: Called Strike
0-1: Called Strike
0-2: Foul Ball, location: 2F
0-2: Foul Ball, location: 2F
0-2: Strikes out swinging
Top of the 7th over - 0 runs, 0 hits, 0 errors, 0 left on base; Windy City 0 - Batavia 8
BOTTOM OF THE 7TH
Batavia Muckdogs batting - Pitching for Windy City Blues : RHP Grant Randolph
Batting: LHB Edward Schachter 0-0: Ball
1-0: Ball
2-0: Ball
3-0: SINGLE (Line Drive, 6D, EV 101.2 MPH)
Pitching: RHP Keegan Davies
Batting: RHB Tyson Velez 0-0: Grounds into double play, 6-4-3 (Groundball, 6, EV 109.4 MPH)
Batting: LHB Carl Brinkley 0-0: Called Strike
0-1: Foul Ball, location: 2F
0-2: Ball
1-2: Strikes out swinging
Bottom of the 7th over - 0 runs, 1 hit, 0 errors, 0 left on base; Windy City 0 - Batavia 8
TOP OF THE 8TH
Windy City Blues batting - Pitching for Batavia Muckdogs : RHP Gerald Roderick
Batting: RHB Ty Dec 0-0: Ball
1-0: Ball
2-0: Called Strike
2-1: Foul Ball, location: 2F
2-2: Ball
3-2: Base on Balls
Pitching: RHP Herm Cobaj
Batting: RHB Dulani Cherry 0-0: Called Strike
0-1: Swinging Strike
0-2: Ball
1-2: Foul Ball, location: 2F
1-2: Ball
2-2: Grounds out, U3 (Groundball, 3L, EV 77.5 MPH)
Batting: RHB Ezekiel Wolfson 0-0: Foul Ball, location: 2F
0-1: Called Strike
0-2: Ball
1-2: Reached on error, E6 (Groundball, 6, EV 92.5 MPH)
Ty Dec to third
Batting: LHB Idris Wnuk 0-0: Called Strike
0-1: Called Strike
0-2: Ball
1-2: Strikes out swinging
Batting: SHB Steven Hall 0-0: Foul Ball, location: 2F
0-1: Ball
1-1: Ball
Wild Pitch!
Ty Dec scores
Ezekiel Wolfson to second
2-1: Foul Ball, location: 2F
2-2: Strikes out swinging
Top of the 8th over - 1 run, 0 hits, 1 error, 1 left on base; Windy City 1 - Batavia 8
BOTTOM OF THE 8TH
Batavia Muckdogs batting - Pitching for Windy City Blues : RHP Keegan Davies
Batting: LHB Willis Neil 0-0: Ball
1-0: Ball
2-0: Fly out, F6 (Popup, 6, EV 56.2 MPH)
Batting: LHB Archibald Vasquez 0-0: Ball
1-0: Ball
2-0: Ball
3-0: Called Strike
3-1: Foul Ball, location: 2F
3-2: Foul Ball, location: 2F
3-2: Foul Ball, location: 2F
3-2: TRIPLE (Flyball, 89XD, EV 88.8 MPH)
Batting: RHB Logan Gleason 0-0: Ball
1-0: Foul Ball, location: 2F
1-1: Ball
2-1: Swinging Strike
2-2: Ball
3-2: Foul Ball, location: 2F
3-2: Base on Balls
Batting: RHB Colby Cooper 0-0: Ball
1-0: Foul Ball, location: 2F
1-1: Swinging Strike
1-2: Strikes out looking
Batting: RHB R.J. McCarthy 0-0: Foul Ball, location: 2F
0-1: Ball
1-1: Ball
2-1: Swinging Strike
2-2: Foul Ball, location: 2F
2-2: Ball
3-2: SINGLE (Line Drive, 7S, EV 100.0 MPH)
Archibald Vasquez scores
Logan Gleason to second
Logan Gleason to third
Pinch Hitting: RHB Wade Cummins 0-0: Ball
1-0: Foul Ball, location: 2F
1-1: Foul Ball, location: 2F
1-2: Foul Ball, location: 2F
1-2: Foul Ball, location: 2F
1-2: Ball
2-2: Reached on error, E3 (Groundball, 34, EV 83.8 MPH)
Logan Gleason scores
R.J. McCarthy to second
Batting: LHB Edward Schachter 0-0: Fly out, F8 (Flyball, 8RD, EV 91.2 MPH)
Bottom of the 8th over - 2 runs, 2 hits, 1 error, 2 left on base; Windy City 1 - Batavia 10
TOP OF THE 9TH
Windy City Blues batting - Pitching for Batavia Muckdogs : RHP Herm Cobaj
Now in LF: Wade Cummins
Pinch Hitting: RHB Ron Shotwell 0-0: Called Strike
0-1: Foul Ball, location: 2F
0-2: Strikes out swinging
Batting: RHB Adrien Jimenez 0-0: Ball
1-0: Foul Ball, location: 2F
1-1: Called Strike
1-2: Fly out, F4 (Popup, 4S, EV 83.8 MPH)
Batting: RHB K.J. Avery 0-0: Ball
1-0: Foul Ball, location: 2F
1-1: Swinging Strike
1-2: Strikes out swinging
Top of the 9th over - 0 runs, 0 hits, 0 errors, 0 left on base; Windy City 1 - Batavia 10
Friday, April 5th , 2024 - OOTP Baseball 23.10 Build 110